 Dungeon Crawl Stone Soup version 0.30.0-29-ga12c61a403 (webtiles) character file.

Game seed: 13549867819134254517

6279 LustLizard the Zephyrmancer (level 10, -3/60 HPs)
             Began as a Deep Elf Air Elementalist on June 21, 2023.
             Was a Follower of Vehumet.
             Slain by a hornet (13 damage)
             ... while paralysed by a hornet
             ... on level 9 of the Dungeon.
             The game lasted 00:18:26 (13342 turns).

LustLizard the Zephyrmancer (DEAE)                 Turns: 13342, Time: 00:18:28

Health: -3/60      AC:  5    Str:  9    XL:     10   Next: 63%
Magic:  6/25       EV:  2    Int: 21    God:    Vehumet [*.....]
Gold:   628        SH:  0    Dex: 15    Spells: 17/28 levels left

rFire   . . .        v - staff of air
rCold   . . .        (no shield)
rNeg    + . .        m - +0 robe {rN+}
rPois   .            u - +0 helmet
rElec   +            (no cloak)
rCorr   .            f - +0 pair of gloves
SInv    .            k - +0 pair of boots
Will    +....        i - amulet of regeneration
Stlth   +++          G - +5 ring of evasion
HPRegen 1.10/turn    (no ring)
MPRegen 0.19/turn

%: no passive effects
@: paralysed, lethally poisoned (-3 -> -19), slowed, studying Shields
A: no striking features
a: Renounce Religion


You were on level 9 of the Dungeon.
You worshipped Vehumet.
Vehumet was aware of your devotion.
You visited 2 branches of the dungeon, and saw 10 of its levels.

You collected 628 gold pieces.

Inventory:

Missiles
 j - 2 throwing nets
Armour
 a - a +0 robe
 f - a +0 pair of gloves (worn)
 k - a +0 pair of boots (worn)
 m - a +0 robe of positive energy (worn)
 u - a +0 helmet (worn)
Magical Staves
 v - a staff of air (weapon)
Jewellery
 i - an amulet of regeneration (around neck)
 l - a ring of ice
 E - an amulet of the acrobat
 G - a +5 ring of evasion (left hand)
 J - an amulet of reflection
Wands
 A - a wand of flame (17)
 I - a wand of charming (16)
 L - a wand of roots (8)
Scrolls
 c - 2 scrolls of enchant weapon {unknown}
 g - 3 scrolls of vulnerability {unknown}
 q - 2 scrolls of magic mapping
 s - 2 scrolls of torment {unknown}
 w - 4 scrolls of teleportation
 x - a scroll of poison {unknown}
 y - 2 scrolls of acquirement {unknown}
 B - a scroll of enchant armour {unknown}
 F - a scroll of blinking {unknown}
 H - 2 scrolls of immolation {unknown}
 K - 3 scrolls of fog {unknown}
 M - a scroll of amnesia {unknown}
 N - a scroll of fear {unknown}
Potions
 b - a potion of magic
 d - 7 potions of curing {unknown}
 e - 2 potions of flight
 h - 2 potions of haste
 n - a potion of heal wounds
 o - a potion of lignification {unknown}
 p - a potion of degeneration {unknown}
 r - a potion of berserk rage {unknown}
 t - a potion of ambrosia {unknown}
 z - 4 potions of brilliance
 C - 2 potions of attraction {unknown}
 D - a potion of might {unknown}
Miscellaneous
 O - a lightning rod (4/4)


   Skills:
 + Level 5.7 Fighting
 + Level 4.2 Dodging
 - Level 4.0 Stealth
 + Level 9.6 Spellcasting
 + Level 7.7 Conjurations
 * Level 10.5 Air Magic


You had 17 spell levels left.
You knew the following spells:

 Your Spells              Type           Power      Damage    Failure   Level
a - Shock                 Conj/Air       100%       1d9       1%          1
b - Static Discharge      Conj/Air       100%       2-7/arc   1%          2
c - Swiftness             Air            69%        N/A       1%          3
d - Airstrike             Air            34%        2d(5-21)  1%          4
e - Foxfire               Conj/Fire      100%       2x1d9     1%          1

Your spell library contained the following spells:

 Spells                   Type           Power      Damage    Failure   Level
 Stone Arrow              Conj/Erth      52%        3d10      4%          3
 Lesser Beckoning         Tloc           20%        N/A       10%         2
 Flame Wave               Conj/Fire      26%        2d8       14%         4
 Sticky Flame             Conj/Fire      26%        2d5       14%         4
 Gell's Gravitas          Tloc           10%        N/A       21%         3
 Inner Flame              Hex/Fire       10%        N/A       21%         3
 Teleport Other           Tloc           10%        N/A       21%         3
 Animate Armour           Summ/Erth      20%        N/A       54%         4
 Lehudib's Crystal Spear  Conj/Erth      13%        10d4      100%        8


Dungeon Overview and Level Annotations

Branches:
Dungeon (9/15)             Temple (1/1) D:7            Lair (0/5) D:8
    Orc: D:9-12

Altars:
Ashenzari
Cheibriados
Dithmenos
Elyvilon
Fedhas
Gozag
Hepliaklqana
Kikubaaqudgha
Makhleb
Nemelex Xobeh
Okawaru
Qazlal
Ru
Sif Muna
Trog
Uskayaw
Vehumet
Wu Jian
Xom
Yredelemnul
Zin
The Shining One

Shops:
D:7 :

Annotations:
D:7 3 runed translucent doors, LustLizard's ghost, novice DEAE; LustLizard's ghost, novice OpBe; gdog's ghost, novice GnDe; monsoonserge's ghost, novice DsMo
D:9 exclusion: two-headed ogre


Message History

The air twists around and strikes the hornet!
The hornet is heavily wounded.
You feel very sick. The hornet completely misses you.
The hornet closely misses you.
Casting: Airstrike (dangerous; 1% risk of failure)
Confirm with . or Enter, or press ? or * to list all spells.
Aiming: Airstrike (dangerous; 1% risk of failure)
Press: ? - help, Dir - move target, f/p - hornet
Aim: a hornet (heavily wounded, empty space bonus: 2/8)
You feel a surge of power!
The air twists around and strikes the hornet.
The hornet is severely wounded.
You feel very sick. The hornet stings you.
You feel as though you will be slow longer.
The hornet stings you!
You are more poisoned.
You feel as though you will be slow longer.
Casting: Airstrike (dangerous; 1% risk of failure)
Confirm with . or Enter, or press ? or * to list all spells.
Aiming: Airstrike (dangerous; 1% risk of failure)
Press: ? - help, Dir - move target, f/p - hornet
Aim: a hornet (severely wounded, empty space bonus: 2/8)
You feel a surge of power!
The air twists around and strikes the hornet!
The hornet is almost dead.
You feel very sick. The hornet stings you.
You are more poisoned.
You feel as though you will be slow longer.
The hornet stings you.
* * * LOW HITPOINT WARNING * * *
You suddenly lose the ability to move!
You feel very sick. The hornet stings you.
* * * LOW HITPOINT WARNING * * *
You are lethally poisoned!
You feel as though you will be slow longer.
The hornet stings you!
You die...

.........#####.#.#..#..#.#
.........# #...##.†..#.#
.........# #.#.........#
.........#
#...#.#.#.##########
.........#
#####.#..[......}...
##########
#.#.#.#########. #.#.#)#
####.#.#.# #.@..#.#)#
#y####..). #. #.#.. #$
#.#.. #. #.# #. #.# #. ##


You could see a hornet.

Vanquished Creatures
  A fire crab (D:8)
  Prince Ribbit (D:8)
  3 yaks (D:8)
  A wyvern (D:8)
  2 steam dragons
  2 acid dragons (D:9)
  A water moccasin (D:5)
  3 black bears
  3 orc warriors
  4 ice beasts
  A sky beast (D:4)
  4 ogres
  4 centaurs
  The ghost of Blight the Magician, an amateur DjSu (D:3)
  A phantom (D:5)
  2 bullfrogs
  5 scorpions (D:5)
  A gnoll sergeant (D:6)
  6 wights
  9 killer bees
  4 howler monkeys
  5 jellies
  6 hounds
  2 orc priests
  7 iguanas
  5 sleepcaps
  5 orc wizards
  10 gnolls
  9 adders
  2 shadow imps
  4 white imps
  An ufetubus (D:5)
  2 worms (D:3)
  3 dart slugs
  33 orcs
  4 ball pythons
  6 bats
  9 endoplasms
  5 giant cockroaches
  7 goblins
  5 hobgoblins
  4 jackals
  12 kobolds
  5 quokkas
  5 frilled lizards
  12 rats
227 creatures vanquished.

Notes
Turn   | Place    | Note
-------+----------+-------------------------------------------
     0 | D:1      | LustLizard the Deep Elf Air Elementalist began the quest
                  | for the Orb.
     0 | D:1      | Reached XP level 1. HP: 10/10 MP: 6/6
   224 | D:1      | Found a faded altar of an unknown god.
   345 | D:1      | Reached XP level 2. HP: 15/15 MP: 2/8
   350 | D:1      | Learned a level 2 spell: Static Discharge
  1039 | D:1      | Reached XP level 3. HP: 15/20 MP: 5/9
  1319 | D:2      | Reached skill level 1 in Fighting
  1555 | D:2      | Reached XP level 4. HP: 25/25 MP: 0/11
  1884 | D:2      | Reached skill level 4 in Air Magic
  2121 | D:2      | Found an iron altar of Okawaru.
  2317 | D:3      | Learned a level 3 spell: Swiftness
  2322 | D:3      | Learned a level 4 spell: Airstrike
  2494 | D:3      | Reached XP level 5. HP: 29/29 MP: 4/12
  2695 | D:3      | Found a runed translucent door.
  2695 | D:3      | Noticed Blight's ghost (amateur DjSu)
  2897 | D:3      | Found an opulent altar of Gozag.
  3141 | D:3      | Found a white marble altar of Elyvilon.
  3967 | D:4      | Reached XP level 6. HP: 16/35 MP: 4/14
  4124 | D:4      | Reached skill level 5 in Air Magic
  4527 | D:4      | Noticed a sky beast
  4619 | D:4      | Reached XP level 7. HP: 40/40 MP: 11/16
  4736 | D:4      | Reached skill level 5 in Spellcasting
  5046 | D:4      | You fall into a shaft and drop 1 floor!
  5046 | D:5      | Entered Level 5 of the Dungeon
  5072 | D:5      | Reached skill level 6 in Air Magic
  5575 | D:5      | Reached XP level 8. HP: 46/46 MP: 13/18
  5991 | D:5      | Reached skill level 7 in Air Magic
  6267 | D:5      | Reached skill level 5 in Conjurations
  6320 | D:5      | Found a shadowy altar of Dithmenos.
  6546 | D:5      | Found a hazy altar of Hepliaklqana.
  6875 | D:5      | Reached skill level 8 in Air Magic
  6875 | D:5      | Reached XP level 9. HP: 52/52 MP: 1/22
  8505 | D:6      | Reached skill level 9 in Air Magic
  9319 | D:7      | Found a staircase to the Ecumenical Temple.
  9349 | Temple   | Entered the Ecumenical Temple
  9447 | Temple   | Became a worshipper of Vehumet
  9530 | D:7      | Identified the +0 plate armour of the Hundredfold Tusks
                  | {rElec rN+}
  9537 | D:7      | Found a runed translucent gate.
  9537 | D:7      | Found a runed translucent gate.
  9537 | D:7      | Found a runed translucent gate.
  9537 | D:7      | Noticed gdog's ghost (novice GnDe)
  9537 | D:7      | Noticed LustLizard's ghost (novice OpBe)
  9538 | D:7      | Noticed LustLizard's ghost (novice DEAE)
  9538 | D:7      | Noticed monsoonserge's ghost (novice DsMo)
  9855 | D:7      | Found Zypnijeg's Book Shop.
  9888 | D:7      | Reached skill level 5 in Fighting
 10311 | D:8      | Reached XP level 10. HP: 59/59 MP: 18/24
 10534 | D:8      | Found a staircase to the Lair.
 10535 | D:8      | Noticed a fire crab
 10540 | D:8      | Killed a fire crab
 10920 | D:8      | Reached skill level 10 in Air Magic
 11887 | D:8      | Noticed Prince Ribbit
 11890 | D:8      | Killed Prince Ribbit
 12424 | D:3      | Killed Blight's ghost
 12758 | D:9      | Noticed a two-headed ogre
 12980 | D:9      | Found an ornate altar of the Wu Jian Council.
 13193 | D:9      | Reached * piety under Vehumet
 13193 | D:9      | Offered knowledge of Foxfire by Vehumet.
 13199 | D:9      | Learned a level 1 spell: Foxfire
 13341 | D:9      | Paralysed by a hornet for 2 turns
 13342 | D:9      | Slain by a hornet

Illustrated notes

Levels and vault maps discovered:
D:1:      elethiomel_arrival_maze, layout_basic,
          shapermc_ecumenical_altar_acropolis, ebering_dispersal_statue_hall
D:2:      layout_loops_ring, basic_altar, reono_crystal_passage,
          minmay_indecisive_spiral
D:3:      layout_loops_cross, mainiacjoe_overflow_chevrons,
          mainiacjoe_overflow_surrounded_room, hellmonk_ghost_happy_afterlife
D:4:      layout_basic, minmay_manual_mail
D:5:      minmay_bubble_buster, layout_gridville,
          riverfiend_overflow_shadow_ancestor
D:6:      layout_layer_cave
D:7:      layout_cave_pools, minmay_temple_entry_butterflies, serial_shops,
          shop, gammafunk_ghost_cemetery
D:8:      layout_basic, minmay_lair_entry_lava, uniq_prince_ribbit1
D:9:      layout_basic, nzn_wu_jian_council_hall
Temple:   minmay_temple_bridge_d

Skill      XL: |  1  2  3  4  5  6  7  8  9 10 |
---------------+-------------------------------+-----
Fighting       | 1 2 3 4 5 |  5.7
Stealth        | 3 4 |  4.0
Conjurations   | 2 3 4 5 6 7 |  7.7
Air Magic      | 4 5 6 8 9 10 | 10.5
Spellcasting   | 4 5 7 8 9 |  9.6
Dodging        | 4 |  4.2

Action                     |  1- 3 |  4- 6 |  7- 9 | 10-12 || total
---------------------------+-------+-------+-------+-------++-------
  Melee: Club              |     6 |     2 |       |       ||     8
         Staff             |       |       |     9 |     6 ||    15
   Cast: Shock             |    81 |   145 |   153 |    65 ||   444
         Static Discharge  |     3 |     7 |     1 |       ||    11
         Airstrike         |       |       |    82 |    43 ||   125
    Use: Scroll            |       |       |     5 |     1 ||     6
 Armour: Robe              |     6 |     6 |     6 |     6 ||    24
  Dodge: Dodged            |     6 |    13 |    26 |    17 ||    62
